 Dungeon Crawl Stone Soup version 0.30-a0-824-g6c64550be9 (webtiles) character file.

Game seed: 2533017300796424530

7252 Dodorex895 the Cleaver (level 11, -1/101 HPs)
             Began as a Hill Orc Fighter on Feb 27, 2023.
             Was an Elder of Beogh.
             Killed from afar by a starcursed mass (9 damage)
             ... with an accursed screaming
             ... on level 2 of the Abyss.
             The game lasted 01:10:53 (8370 turns).

Dodorex895 the Cleaver (Hill Orc Fighter)           Turns: 8370, Time: 01:10:54

Health: -1/101     AC: 15    Str: 21    XL:     11   Next: 12%
Magic:  18/18      EV: 10    Int: 18    God:    Beogh [****..]
Gold:   407        SH: 11    Dex: 15    Spells: 14/19 levels left

rFire   + . .      SeeInvis .    a - +3 war axe (vamp)
rCold   + . .      Faith    .    c - +0 buckler
rNeg    . . .      Spirit   .    v - +1 scale mail "Beixiqiz" {Fly rElec rPois}
rPois   +          Reflect  +    (no helmet)
rElec   +          Harm     .    M - +2 cloak
rCorr   .          Rampage  .    (no gloves)
Will    .....                    f - +2 pair of boots Stlth
                                 q - amulet of reflection
HPRegen 0.36/turn                g - +6 ring of intelligence
MPRegen 0.16/turn                b - ring "Ximot" {rF+ rC+ Dex+4}

@: flying
A: clever 1, passive freeze, robust 1
a: Renounce Religion, Smiting, Recall Orcish Followers


You were on level 2 of the Abyss.
You worshipped Beogh.
Beogh was greatly pleased with you.
You visited 2 branches of the dungeon, and saw 10 of its levels.
You visited the Abyss 1 time.
You also visited: Sewer and Ossuary.

You collected 407 gold pieces.

Inventory:

Hand Weapons
 a - a +3 vampiric war axe (weapon)
 e - a +0 broad axe
 k - a +1 battleaxe of flaming
 n - a +0 war axe
 p - a +5 flail
 x - a +0 war axe
 y - a +3 battleaxe
Armour
 c - a +0 buckler (worn)
 f - a +2 pair of boots (worn)
 j - a +2 scale mail of cold resistance
 v - the +1 scale mail "Beixiqiz" (worn) {Fly rElec rPois}
   (You took it off a wight on level 6 of the Dungeon)

   rElec:     It insulates you from electricity.
   rPois:     It protects you from poison.
   Fly:       It grants you flight.
 M - a +2 cloak (worn)
Magical Staves
 h - a staff of poison
Jewellery
 b - the ring "Ximot" (right hand) {rF+ rC+ Dex+4}
   (You took it off a wight on level 6 of the Dungeon)

   [ring of protection from cold]

   Dex:       It affects your dexterity (+4).
   rF:        It protects you from fire.
   rC:        It protects you from cold.
 g - a +6 ring of intelligence (left hand)
 m - a ring of flight
 q - an amulet of reflection (around neck)
 s - an amulet of the acrobat
Wands
 F - a wand of flame (34) (quivered)
 J - a wand of iceblast (1)
Scrolls
 i - 5 scrolls of teleportation
 r - 3 scrolls of fog
 u - a scroll of blinking
 w - 2 scrolls of amnesia
 E - a scroll of immolation
 G - a scroll of poison
Potions
 d - a potion of lignification
 o - a potion of curing
 t - a potion of might
 z - 2 potions of mutation
 A - a potion of cancellation
 C - a potion of ambrosia
 D - a potion of magic
 K - a potion of attraction {unknown}
 L - a potion of brilliance


   Skills:
 + Level 7.3 Fighting
 + Level 12.6 Axes
 + Level 7.0 Armour
 + Level 2.7 Dodging
 + Level 1.1 Stealth
 + Level 6.3 Shields
 * Level 4.7 Spellcasting
 * Level 1.4 Summonings
 * Level 2.0 Ice Magic
 * Level 7.3 Invocations
 + Level 1.9 Evocations


You had 14 spell levels left.
You knew the following spells:

 Your Spells              Type           Power      Damage    Failure   Level
a - Freeze                Ice            44%        1d6       19%         1
b - Summon Ice Beast      Ice/Summ       10%        N/A       90%         4

Your spell library contained the following spells:

 Spells                   Type           Power      Damage    Failure   Level
 Ensorcelled Hibernation  Hex/Ice        16%        N/A       38%         2
 Frozen Ramparts          Ice            22%        1d4       47%         3
 Ozocubu's Armour         Ice            11%        N/A       47%         3
 Cigotuvi's Dreadful Rot  Necr/Pois/Air  8%         N/A       54%         2
 Passwall                 Tmut/Erth      3%         N/A       54%         2
 Hailstorm                Conj/Ice       8%         3d4       63%         3
 Swiftness                Air            4%         N/A       77%         3
 Ice Form                 Ice/Tmut       8%         N/A       95%         4
 Dispel Undead            Necr           4%         3d7       99%         4
 Summon Forest            Summ/Tloc      3%         N/A       100%        5
 Summon Mana Viper        Hex/Summ       6%         N/A       100%        5
 Death Channel            Necr           2%         N/A       100%        6
 Summon Cactus Giant      Summ           4%         N/A       100%        6
 Ozocubu's Refrigeration  Ice            5%         4d8       100%        7


Dungeon Overview and Level Annotations

Branches:
Dungeon (9/15)             Temple (1/1) D:7           Sewer (visited)
Ossuary (visited)
   Lair: D:8-11         Orc: D:9-12

Altars:
Ashenzari
Cheibriados
Dithmenos
Elyvilon
Fedhas
Gozag
Hepliaklqana
Kikubaaqudgha
Makhleb
Nemelex Xobeh
Okawaru
Qazlal
Ru
Sif Muna
Uskayaw
Vehumet
Wu Jian
Xom
Yredelemnul
Zin
The Shining One

Shops:
D:9 (

Annotations:
D:4 Menkaure
Temple 4 transporters


Innate Abilities, Weirdness & Mutations

Your mind is acute. (Int +4, Str/Dex -1)
A frigid envelope surrounds you and freezes all who hurt you.
You are robust. (+10% HP)


Message History

You hold your ground!
The thrashing horror resists.
The thrashing horror is very cold.
The thrashing horror is lightly damaged.
The thrashing horror barely misses you. The thrashing horror tramples you.
* * * LOW HITPOINT WARNING * * *
You are shoved backwards!
You block the thrashing horror's attack. x2
The thrashing horror attacks as you move away!
The thrashing horror closely misses you.
The thrashing horror barely misses you.
The thrashing horror tramples you but does no damage.
The thrashing horror resists.
The thrashing horror is very cold.
The thrashing horror is lightly damaged.
You block the thrashing horror's attack.
The thrashing horror tramples you!
* * * LOW HITPOINT WARNING * * *
You hold your ground!
The thrashing horror resists.
The thrashing horror is very cold.
The thrashing horror is moderately damaged.
The thrashing horror misses you.
You feel better.
You are suddenly pulled into a different region of the Abyss!
You start to feel less resistant.
A starcursed mass comes into view.
A starcursed mass splits.
A chorus of shrieks assaults your mind.
* * * LOW HITPOINT WARNING * * *
A starcursed mass splits.
Your resistance to elements expires.
A starcursed mass splits.
A chorus of shrieks assaults your mind.
* * * LOW HITPOINT WARNING * * *
A small abomination comes into view.
A starcursed mass splits.
A chorus of shrieks assaults your mind.
* * * LOW HITPOINT WARNING * * *
A starcursed mass splits.
A chorus of shrieks assaults your mind.
You die...

#.# ##.....# #.#
##.....#
#.#.#x.....#
#.#.#....#.# ##..
#.#.# #.# ##..#
#...####.#
##..X###..........
#...XX...#.###.##
# ##.XX###@#.#
#.X..# #.#..
#.#.## #.#.#. #.
.# #.### #X### ...
# ..# .. ..# ##
#..#


You could see 3 starcursed masses and a small abomination.

Vanquished Creatures
  A two-headed ogre (D:8)
  2 thrashing horrors (Abyss:2)
  Pikel (D:5)
  The ghost of Nacht the Sneak, a novice NaEE (D:5)
  Prince Ribbit (D:7)
  Grinder (D:5)
  Sigmund (D:5)
  A steam dragon (D:9)
  2 water moccasins (D:7)
  Duvessa (D:4)
  2 sky beasts
  An orc warrior (D:6)
  An ice beast (D:7)
  An ogre (D:4)
  A small abomination (Abyss:2)
  A centaur (D:8)
  3 lemures (D:5)
  A phantom (D:5)
  Blork the orc (D:5)
  A kobold brigand (D:8)
  5 bullfrogs
  2 necrophages
  5 water moccasin zombies
  2 scorpions (D:5)
  14 wights
  Dowan (D:4)
  7 howler monkeys
  A vampire bat (D:8)
  A crimson imp (D:9)
  A bullfrog zombie (D:5)
  A jelly (D:6)
  A hound (D:7)
  4 orc priests
  8 iguanas
  Ijyb (D:4)
  9 orc wizards
  Natasha (twice) (D:3)
  2 mummies (Ossuary)
  16 adders
  5 river rats
  A shadow imp (D:6)
  5 white imps
  2 adder zombies (Ossuary)
  16 orcs
  A bat skeleton (D:8)
  5 bat zombies (D:8)
  3 endoplasms
  3 giant cockroaches
  5 gnoll zombies (Ossuary)
  7 goblins
  8 hobgoblins
  5 jackals (Sewer)
  3 quokkas
  9 ball pythons
  17 bats
  3 frilled lizards
  6 hobgoblin zombies (Ossuary)
  8 kobolds
  5 kobold zombies (Ossuary)
  4 orc zombies (Ossuary)
  6 rats
235 creatures vanquished.

Vanquished Creatures (collateral kills)
  2 vampire bats (D:8)
  An orc priest (D:9)
  2 orcs (D:9)
5 creatures vanquished.

Vanquished Creatures (others)
  2 orc warriors (D:9)
  3 orcs
  2 orc wizards
  A lurking horror (Abyss:2)
  15 plants (D:2)
23 creatures vanquished.

Grand Total: 263 creatures vanquished

Notes
Turn   | Place    | Note
-------+----------+-------------------------------------------
     0 | D:1      | Dodorex895 the Hill Orc Fighter began the quest for the
                  | Orb.
     0 | D:1      | Reached XP level 1. HP: 19/19 MP: 1/1
   155 | D:1      | Reached XP level 2. HP: 21/27 MP: 2/2
   346 | D:1      | Reached skill level 3 in Axes
   394 | D:1      | Found a faded altar of an unknown god.
   848 | D:2      | Reached XP level 3. HP: 33/33 MP: 3/3
  1886 | D:3      | Found a hide-covered altar of Uskayaw.
  1973 | D:3      | Reached XP level 4. HP: 40/40 MP: 4/4
  1978 | D:3      | Noticed Natasha
  1986 | D:3      | Killed Natasha
  1987 | D:3      | Reached skill level 4 in Axes
  2009 | D:3      | Found a glowing drain.
  2028 | Sewer    | Entered a sewer
  2170 | Sewer    | Reached XP level 5. HP: 47/47 MP: 5/5
  2292 | Sewer    | Reached skill level 5 in Axes
  2629 | D:3      | Identified the +0 ring mail of Tytz {rC+}
  2741 | D:3      | Found a stormy altar of Qazlal.
  2741 | D:3      | Found a hazy altar of Hepliaklqana.
  2863 | D:3      | Noticed Natasha
  2867 | D:3      | Killed Natasha
  2868 | D:3      | Reached XP level 6. HP: 53/53 MP: 7/7
  3026 | D:4      | Noticed Duvessa
  3026 | D:4      | Noticed Dowan
  3041 | D:4      | Noticed Ijyb
  3048 | D:4      | Killed Ijyb
  3049 | D:4      | Reached skill level 1 in Dodging
  3065 | D:4      | Became a worshipper of Beogh the Brigand
  3079 | D:4      | Reached skill level 6 in Axes
  3175 | D:4      | Reached skill level 1 in Spellcasting
  3251 | D:4      | Killed Duvessa
  3252 | D:4      | Reached skill level 7 in Axes
  3252 | D:4      | Reached XP level 7. HP: 31/60 MP: 8/8
  3258 | D:4      | Killed Dowan
  3320 | D:4      | Noticed Menkaure
  3520 | D:4      | Reached * piety under Beogh
  4167 | D:5      | Entered Level 5 of the Dungeon
  4219 | D:5      | Reached skill level 1 in Invocations
  4261 | D:5      | Reached skill level 5 in Fighting
  4261 | D:5      | Reached skill level 8 in Axes
  4273 | D:5      | Gained mutation: You are weak. (Str -2) [potion of
                  | mutation]
  4273 | D:5      | Gained mutation: You have hidden genetic potential. [potion
                  | of mutation]
  4273 | D:5      | Gained mutation: You are very weak. (Str -4) [potion of
                  | mutation]
  4274 | D:5      | Lost mutation: You are very weak. (Str -4) [potion of
                  | mutation]
  4274 | D:5      | Lost mutation: You are weak. (Str -2) [potion of mutation]
  4274 | D:5      | Lost mutation: You have hidden genetic potential. [potion
                  | of mutation]
  4274 | D:5      | Gained mutation: Your spells are a little easier to cast,
                  | but a little less powerful. [potion of mutation]
  4274 | D:5      | Gained mutation: You are vulnerable to heat. (rF-) [potion
                  | of mutation]
  4346 | D:5      | Noticed Grinder
  4354 | D:5      | Killed Grinder
  4355 | D:5      | Reached XP level 8. HP: 68/68 MP: 10/10
  4374 | D:5      | Found a runed translucent gate.
  4374 | D:5      | Found a runed translucent gate.
  4374 | D:5      | Found a runed translucent gate.
  4374 | D:5      | Noticed Nacht's ghost (novice NaEE)
  4377 | D:5      | Found a basalt altar of Yredelemnul.
  4414 | D:5      | Killed Nacht's ghost
  4415 | D:5      | Reached skill level 9 in Axes
  4415 | D:5      | Reached skill level 5 in Armour
  4415 | D:5      | Reached skill level 1 in Stealth
  4538 | D:5      | Noticed Blork the orc
  4551 | D:5      | Killed Blork the orc
  4723 | D:5      | Noticed Pikel
  4749 | D:5      | Killed Pikel
  4750 | D:5      | Reached skill level 10 in Axes
  4750 | D:5      | Reached skill level 5 in Shields
  4750 | D:5      | Reached XP level 9. HP: 24/75 MP: 11/13
  4763 | D:5      | Noticed Sigmund
  5409 | D:5      | Killed Sigmund
  5693 | D:6      | Reached ** piety under Beogh
  5717 | D:6      | Reached skill level 5 in Invocations
  5803 | D:6      | Reached skill level 1 in Evocations
  5814 | D:6      | Identified the +1 scale mail "Beixiqiz" {Fly rElec rPois}
  5855 | D:6      | Identified the ring "Ximot" {rF+ rC+ Dex+4}
  5950 | D:6      | Reached skill level 11 in Axes
  6083 | D:7      | Reached XP level 10. HP: 84/84 MP: 11/15
  6201 | D:7      | Noticed Prince Ribbit
  6214 | D:7      | Killed Prince Ribbit
  6224 | D:7      | Found a staircase to the Ecumenical Temple.
  6246 | Temple   | Entered the Ecumenical Temple
  6246 | Temple   | Found a transporter.
  6246 | Temple   | Found a transporter.
  6248 | Temple   | Found a transporter.
  6248 | Temple   | Found a transporter.
  6320 | D:7      | Found a sand-covered staircase.
  6326 | Ossuary  | Entered an ossuary
  6334 | Ossuary  | Reached *** piety under Beogh
  6505 | Ossuary  | Lost mutation: Your spells are a little easier to cast, but
                  | a little less powerful. [potion of mutation]
  6505 | Ossuary  | Lost mutation: You are vulnerable to heat. (rF-) [potion of
                  | mutation]
  6505 | Ossuary  | Gained mutation: Your body sometimes deteriorates upon
                  | taking damage. [potion of mutation]
  6505 | Ossuary  | Gained mutation: Your system is resistant to poisons.
                  | (rPois) [potion of mutation]
  6505 | Ossuary  | Gained mutation: A frigid envelope surrounds you and
                  | freezes all who hurt you. [potion of mutation]
  6506 | Ossuary  | Lost mutation: Your body sometimes deteriorates upon taking
                  | damage. [potion of mutation]
  6506 | Ossuary  | Lost mutation: Your system is resistant to poisons. (rPois)
                  | [potion of mutation]
  6506 | Ossuary  | Gained mutation: You are robust. (+10% HP) [potion of
                  | mutation]
  6506 | Ossuary  | Gained mutation: Your mind is acute. (Int +4, Str/Dex -1)
                  | [potion of mutation]
  6607 | D:7      | Found a shimmering blue altar of Sif Muna.
  7230 | D:8      | Reached skill level 12 in Axes
  7373 | D:8      | Found an ancient bone altar of Kikubaaqudgha.
  7378 | D:8      | Reached **** piety under Beogh
  7457 | D:8      | Noticed a two-headed ogre
  7470 | D:8      | Killed a two-headed ogre
  7611 | D:8      | Learned a level 1 spell: Freeze
  7967 | D:8      | Learned a level 4 spell: Summon Ice Beast
  8050 | D:9      | Found Aheawnos's Weapon Emporium.
  8201 | D:9      | Noticed a wizard
  8213 | Abyss:2  | Cast into level 2 of the Abyss (a wizard)
  8221 | Abyss:2  | Noticed a thrashing horror
  8233 | Abyss:2  | Killed a thrashing horror
  8234 | Abyss:2  | Reached skill level 1 in Summonings
  8234 | Abyss:2  | Reached skill level 1 in Ice Magic
  8234 | Abyss:2  | Reached XP level 11. HP: 61/101 MP: 16/18
  8242 | Abyss:2  | Found a corrupted altar of Lugonu.
  8304 | Abyss:2  | Noticed a thrashing horror
  8312 | Abyss:2  | Found a corrupted altar of Lugonu.
  8331 | Abyss:2  | Killed a thrashing horror
  8333 | Abyss:2  | Noticed a thrashing horror
  8346 | Abyss:2  | HP: 5/101 [thrashing horror (9)]
  8362 | Abyss:2  | Noticed a starcursed mass
  8370 | Abyss:2  | Killed from afar by a starcursed mass

Illustrated notes

Levels and vault maps discovered:
D:1:      dpeg_arrival_line_fractal, layout_loops_ring,
          chequers_ecumenical_altar_simple_redux, minmay_misc_feat_ornament,
          reono_crystal_passage
D:2:      wad_woods_pond, layout_basic
D:3:      layout_loops_ring, mainiacjoe_overflow_brackets,
          mainiacjoe_overflow_divided_tiny, portal_sewer_entry_c,
          serial_park_tiny_pond, grunt_ministairs_14, uniq_natasha
D:4:      layout_basic, uniq_duvessa, uniq_ijyb, uniq_menkaure
D:5:      cheibrodos_quashed, layout_loops_ring,
          nicolae_yredelemnul_ghost_church, grunt_decor_cap, uniq_sigmund,
          uniq_grinder, uniq_pikel, uniq_blork_the_orc
D:6:      layout_rooms
D:7:      layout_loops_ring, lemuel_tele_altar, minmay_temple_entry_wispy,
          nicolae_ossuary_entry_plus, uniq_prince_ribbit1
D:8:      layout_loops_cross, kennysheep_vampire_church
D:9:      wad_river_or_something, layout_irregular_city, serial_shops,
          nicolae_shop_bloodbath_and_beyond, lightli_wizard_tower
Temple:   hellmonk_temple_divided_pantheon
Abyss:2:  base: D:1, minivault_25

Skill      XL: |  1  2  3  4  5  6  7  8  9 10 11 |
---------------+----------------------------------+-----
Fighting       | 4 5 6 7 |  7.3
Axes           | 3 4 5 7 8 10 11 12 | 12.6
Armour         | 4 5 6 7 |  7.0
Dodging        | 1 2 |  2.7
Spellcasting   | 1 2 3 4 |  4.7
Shields        | 4 5 6 |  6.3
Invocations    | 2 4 5 7 |  7.3
Stealth        | 1 |  1.1
Evocations     | 1 |  1.9
Summonings     | 1 |  1.4
Ice Magic      | 1 2 |  2.0

Action                     |  1- 3 |  4- 6 |  7- 9 | 10-12 || total
---------------------------+-------+-------+-------+-------++-------
  Melee: War axe           |    96 |   168 |   286 |   210 ||   760
 Invoke: Convert to Beogh  |       |     1 |       |       ||     1
         Smiting           |       |       |     2 |       ||     2
         Recall Orcish Fol |       |       |       |     2 ||     2
  Evoke: Wand              |       |       |    27 |    12 ||    39
    Use: Scroll            |     9 |     6 |     8 |     8 ||    31
         Potion            |       |     3 |     4 |     7 ||    14
   Stab: Invisible         |       |     1 |     1 |       ||     2
 Armour: Scale mail        |    55 |   103 |    74 |    99 ||   331
  Dodge: Dodged            |    41 |    86 |    62 |    83 ||   272
  Block: Buckler           |    17 |    51 |    92 |   124 ||   284
         Reflection        |       |     1 |     3 |     1 ||     5

Table legend: (Time is in decaauts)
 A = Elapsed time spent in this place.
 B = Non-inter-level travel time spent in this place.
 C = Inter-level travel time spent in this place.
 D = Time resting spent in this place.
 E = Time spent auto-exploring this place.
 F = Levels seen in this place.
 G = Mean time per level.
                   A        B        C        D        E       F      G
               +--------+--------+--------+--------+--------+-----+--------+
         Total |   8438 |   3191 |   5247 |      0 |      0 |  13 |  649.1 |
       Dungeon |   7520 |   2296 |   5224 |      0 |      0 |   9 |  835.6 |
        Temple |     27 |      4 |     23 |      0 |      0 |   1 |   27.0 |
         Abyss |    155 |    155 |      0 |      0 |      0 |   1 |  155.0 |
         Sewer |    556 |    556 |      0 |      0 |      0 |   1 |  556.0 |
       Ossuary |    178 |    178 |      0 |      0 |      0 |   1 |  178.0 |
               +--------+--------+--------+--------+--------+-----+--------+

Top non-repeatable levels by time:
     D:5: 1288 daAuts
     D:2: 1104 daAuts
     D:3: 981 daAuts
     D:8: 881 daAuts
     D:7: 855 daAuts
     D:4: 852 daAuts
     D:1: 744 daAuts
     D:6: 649 daAuts
   Sewer: 556 daAuts
 Ossuary: 178 daAuts
     D:9: 162 daAuts
 Abyss:2: 155 daAuts
  Temple: 27 daAuts
